 Dungeon Crawl Stone Soup version 0.31-a0-968-g24f9ace8b5 (webtiles) character file.

Game seed: 16872580181413087161

595 avis the Ducker (level 7, 32/32 HPs)
             Began as a Felid Shapeshifter on Oct 27, 2023.
             Got out of the dungeon alive.
             The game lasted 00:19:09 (3423 turns).

avis the Ducker (Felid Shapeshifter)                Turns: 3423, Time: 00:19:09

Health: 32/32      AC:  2    Str: 10    XL:     7   Next: 17%
Magic:  8/8        EV: 21    Int: 12    God:
Gold:   197        SH:  0    Dex: 17    Spells: 6/6 levels left
                                        Lives:  1   Deaths: 1

rFire   . .          .
                       - Unarmed
rCold   . . .        (shield unavailable)
rNeg    . . .        (body armour unavailable)
rPois   .            (helmet unavailable)
rElec   .            (cloak unavailable)
rCorr   .            (gloves unavailable)
SInv    +            (boots unavailable)
Will    +....        (no amulet)
Stlth   ++           (no ring)
HPRegen 0.25/turn    (no ring)
MPRegen 0.11/turn

%: no passive effects
@: beast-form, quick
A: beast (slay +3), very small, claws 1, fangs 3, see invisible, speed 1, shaggy
fur 2, stealthy paws, no weapons or thrown items, no armour, multi-lived
a: Begin Untransformation


You escaped.
You were a hulking beast.
You visited 1 branch of the dungeon, and saw 4 of its levels.

You collected 197 gold pieces.

Inventory:

Talismans
 b - a beast talisman
 c - a flux talisman
 g - a flux talisman
Wands
 j - a wand of flame (14)
Scrolls
 e - 2 scrolls of teleportation
 k - a scroll of revelation {unknown}
 m - a scroll of butterflies {unknown}
 o - a scroll of noise {unknown}
 p - a scroll of amnesia {unknown}
 q - a scroll of torment {unknown}
 r - a scroll of identify {unknown}
Potions
 d - 5 potions of attraction
 f - a potion of haste {unknown}
 h - a potion of mutation {unknown}
 i - a potion of might
 l - a potion of curing {unknown}
 n - a potion of experience {unknown}


   Skills:
 - Level 4.0 Fighting
 - Level 7.0 Dodging
 - Level 3.0 Unarmed Combat
 * Level 5.4 Shapeshifting


You had 6 spell levels left.
You didn't know any spells.
Your spell library contained the following spells:

 Spells                   Type           Power      Damage    Failure   Level
 Stone Arrow              Conj/Erth      0%         3d7       69%         3
 Lehudib's Crystal Spear  Conj/Erth      0%         10d2      100%        8
 Animate Armour           Summ/Erth      Unusable   N/A       N/A         4

Dungeon Overview and Level Annotations

Branches:
Dungeon (4/15)
 Temple: D:4-7

Altars:
Dithmenos
Fedhas
Makhleb
Trog
Uskayaw

Shops:
D:4 *(:[


Innate Abilities, Weirdness & Mutations

You are a hulking beast.
Your limbs bulge with bestial killing power. (Slay +3)
You have sharp claws.
You have razor-sharp teeth.
You have supernaturally acute eyesight. (SInv)
You cover ground quickly. (Speed+)
You are covered in thick fur. (AC +2)
Your paws help you pounce on unaware monsters.
You are incapable of wielding weapons or throwing items.
You cannot wear armour.
You gain extra lives every three experience levels.


Message History

You feel attractive to monsters. The gnoll misses you.
The gnoll bouda misses you.
It was a potion of might.
You feel very mighty all of a sudden.
The gnoll hits you from afar with a +0 spear!
* * * LOW HITPOINT WARNING * * *
The gnoll bouda completely misses you.
You scratch the gnoll bouda.
The gnoll bouda is moderately wounded.
The gnoll misses you.
The gnoll bouda gazes fiercely through you!
You feel as though you will be weak longer.
The gnoll bouda closely misses you.
You scratch the gnoll bouda. Your claw misses the gnoll bouda.
The gnoll bouda is heavily wounded.
The gnoll is no longer moving quickly.
The gnoll hits you from afar with a +0 spear.
You die...
Your shape twists and changes as you die.
The gnoll bouda misses you.
You rejoin the land of the living...
There is a stone staircase leading up here.
You climb upwards.
There is a stone staircase leading down here.
What level of the Dungeon? (default 3, ? - help)
There is a stone staircase leading up here.
You climb upwards.
There is a stone staircase leading down, spattered with blood here.
You see here a +0 flail.
There is a stone staircase leading up here.
You climb upwards.
There is a stone staircase leading down here.
Items here: ( )) ÷.
There is an open door here.
You see here a stone.
You see here 2 stones.
You see here a stone.
There is an open door here.
There is a staircase leading out of the dungeon here.
You have escaped!

....###....÷.##############.##
...........###.((.(### #.#
....####..##...((..((#### #.#
##### #..'....(8(....'.###.#
########..##((((((.(.##.##..#
......)....###(.(((###..##)##
..######.....###'###...###.#
...### #######.....##..###.#
#....########...h...##..##)#
#...........##.....####.##.#
##########.#.####### #.##.##
#........### #.....###
#####..#...######....#
##...#.....##.##.#
###....##.##)##.###
####.#####....... #.# #.......


There were no monsters in sight!

Vanquished Creatures
  Eustachio (D:4)
  Edmund (D:4)
  2 hounds
  An iguana (D:4)
  An orc wizard (D:4)
  5 adders
  11 gnolls
  2 worms (D:4)
  A dart slug (D:4)
  5 orcs
  7 ball pythons
  4 bats
  7 endoplasms
  3 giant cockroaches
  9 goblins
  3 hobgoblins
  2 jackals (D:1)
  5 quokkas
  4 frilled lizards
  5 kobolds (D:1)
  7 rats
86 creatures vanquished.

Notes
Turn   | Place    | Note
-------+----------+-------------------------------------------
     0 | D:1      | avis the Felid Shapeshifter began the quest for the Orb.
     0 | D:1      | Reached XP level 1. HP: 9/9 MP: 2/2
    97 | D:1      | Reached XP level 2. HP: 9/13 MP: 3/3
    99 | D:1      | Reached skill level 3 in Dodging
   443 | D:1      | Reached XP level 3. HP: 16/16 MP: 4/4
   574 | D:1      | Reached skill level 4 in Dodging
  1540 | D:2      | Reached XP level 4. HP: 12/21 MP: 5/5
  1724 | D:3      | Found a blossoming altar of Fedhas.
  1728 | D:3      | Found a burning altar of Makhleb.
  1742 | D:3      | Reached skill level 5 in Dodging
  1793 | D:3      | Found a hide-covered altar of Uskayaw.
  1894 | D:3      | Reached XP level 5. HP: 19/24 MP: 6/6
  2257 | D:3      | Found a shadowy altar of Dithmenos.
  2744 | D:4      | Found Muacikao's Book Shop.
  2744 | D:4      | Found Xuakyxt's Antique Weapon Shop.
  2747 | D:4      | Found Osyxt's Armour Shop.
  2747 | D:4      | Found Miodei's General Store.
  2760 | D:4      | Noticed Edmund
  2788 | D:4      | Killed Edmund
  2789 | D:4      | Reached skill level 5 in Shapeshifting
  2789 | D:4      | Gained mutation: You are covered in thick fur. (AC +2)
                  | [Felid growth]
  2789 | D:4      | Reached XP level 6. HP: 13/28 MP: 7/7
  2795 | D:4      | Reached skill level 6 in Dodging
  3090 | D:4      | Noticed a moth of wrath
  3093 | D:4      | Found a bloodstained altar of Trog.
  3194 | D:4      | Noticed Eustachio
  3320 | D:4      | Killed Eustachio
  3321 | D:4      | Reached skill level 7 in Dodging
  3321 | D:4      | Reached XP level 7. HP: 12/32 MP: 8/8
  3324 | D:4      | Slain by a gnoll
  3423 | D:$      | Got out of the dungeon alive.

Illustrated notes

Levels and vault maps discovered:
D:1:      minmay_arrival_shattered_statue, layout_rooms
D:2:      layout_basic, nicolae_titane
D:3:      layout_rooms, mainiacjoe_overflow_small_starburst,
          minmay_overflow_temple_star_quad
D:4:      layout_basic, tgw_trog, minmay_shop_grid_forest, saegor_snake_ambush,
          uniq_edmund, uniq_eustachio

Skill      XL: |  1  2  3  4  5  6 |
---------------+-------------------+-----
Fighting       | 2 3 4 |  4.0
Dodging        | 3 4 5 7 |  7.0
Shapeshifting  | 4 5 |  5.4
Unarmed Combat | |  3.0

Action                     |  1- 3 |  4- 6 |  7- 9 || total
---------------------------+-------+-------+-------++-------
  Melee: Unarmed           |    86 |   176 |     2 ||   264
         Punch             |     2 |    10 |       ||    12
         Bite              |     3 |    13 |       ||    16
    Use: Potion            |       |     2 |     2 ||     4
         Scroll            |       |     1 |       ||     1
   Stab: Sleeping          |     1 |     1 |       ||     2
 Armour: Skin              |    14 |    63 |     2 ||    79
  Dodge: Dodged            |    56 |   142 |     6 ||   204

Table legend: (Time is in decaauts)
 A = Elapsed time spent in this place.
 B = Non-inter-level travel time spent in this place.
 C = Inter-level travel time spent in this place.
 D = Time resting spent in this place.
 E = Time spent auto-exploring this place.
 F = Levels seen in this place.
 G = Mean time per level.
                   A        B        C        D        E       F      G
               +--------+--------+--------+--------+--------+-----+--------+
         Total |   2957 |   2633 |    324 |    618 |   1163 |   4 |  739.2 |
       Dungeon |   2957 |   2633 |    324 |    618 |   1163 |   4 |  739.2 |
               +--------+--------+--------+--------+--------+-----+--------+

Top non-repeatable levels by time:
     D:2: 978 daAuts
     D:3: 786 daAuts
     D:1: 643 daAuts
     D:4: 548 daAuts
